 Dungeon Sprint DCSS version 0.28-a0-909-g796cbd3a86 (webtiles) character file.

Game seed: 15093584092920865937

82 kae the Ruffian (level 4, -14/41 HPs)
             Began as a Draconian Transmuter on Nov 24, 2021.
             Hit by a boomerang thrown by a merfolk (15 damage)
             ... in the Dungeon (Sprint V: "Ziggurat Sprint").
             The game lasted 00:00:37 (80 turns).

kae the Ruffian (Draconian Transmuter)                Turns: 80, Time: 00:00:37

Health: -14/41     AC:  2    Str: 12    XL:     4   Next: 21%
Magic:  7/10       EV: 21    Int: 15    God:
Gold:   0          SH:  0    Dex: 16    Spells: 3/11 levels left

rFire   . . .      SeeInvis .     - Unarmed
rCold   . . .      Faith    .   (shield currently unavailable)
rNeg    . . .      Spirit   .   (armour unavailable)
rPois   x          Reflect  .   (helmet currently unavailable)
rElec   .          Harm     .   (cloak currently unavailable)
rCorr   .          Rampage  .   (gloves currently unavailable)
Will    .....      NoTele   +   (boots currently unavailable)
Stlth   +.........              (no amulet)
HPRegen 0.13/turn               (no ring)
MPRegen 0.12/turn               (no ring)

@: mighty, spider-form
A: venomous fangs, AC +5, tiny, unfitting armour, (cold-blooded)
a: End Transformation


You were in the Dungeon.
You were a venomous arachnid creature.
You visited 1 branch

Inventory:

Jewellery
 q - a ring of flight
 r - a +6 ring of dexterity
 s - a +6 ring of dexterity
 t - a +6 ring of intelligence
 u - a +6 ring of intelligence
 v - a +6 ring of strength
 w - a +6 ring of strength
Wands
 x - a wand of mindburst (7)
 y - a wand of iceblast (7)
 z - a wand of acid (7)
Scrolls
 f - 4 scrolls of blinking
 l - 4 scrolls of amnesia
 m - 7 scrolls of fog
 n - a scroll of holy word
 o - 5 scrolls of identify
 p - a scroll of fear
Potions
 a - 10 potions of curing
 b - 3 potions of heal wounds
 c - 6 potions of haste
 d - 7 potions of magic
 e - 3 potions of berserk rage
 g - 2 potions of brilliance
 h - 2 potions of invisibility
 i - 4 potions of resistance
 k - 4 potions of might


   Skills:
 + Level 4.3 Fighting
 + Level 4.0 Dodging
 + Level 5.7 Unarmed Combat
 + Level 4.0 Spellcasting
 + Level 5.2 Transmutations


You had 3 spell levels left.
You knew the following spells:

 Your Spells              Type           Power      Damage    Failure   Level
a - Beastly Appendage     Tmut           36%        N/A       8%          1
b - Spider Form           Tmut/Pois      10%        N/A       38%         3
c - Ice Form              Ice/Tmut       10%        N/A       73%         4

Your spell library contained the following spells:

 Spells                   Type           Power      Damage    Failure   Level
 Wereblood                Tmut           18%        N/A       11%         2
 Portal Projectile        Hex/Tloc       6%         N/A       69%         3
 Blade Hands              Tmut           9%         N/A       71%         5
 Excruciating Wounds      Necr           1%         N/A       100%        5


Dungeon Overview and Level Annotations

Branches:
Dungeon (1/1)

Altars:
Ashenzari
Cheibriados
Dithmenos
Elyvilon
Fedhas
Gozag
Hepliaklqana
Kikubaaqudgha
Makhleb
Nemelex Xobeh
Okawaru
Qazlal
Ru
Sif Muna
Trog
Uskayaw
Vehumet
Wu Jian
Xom
Yredelemnul
Zin
The Shining One
Beogh
Jiyva
Lugonu

Annotations:
D 1 transporter


Innate Abilities, Weirdness & Mutations

You are a venomous arachnid creature.
You have poisonous fangs.
You are tiny and dextrous.
Your spellcasting is less reliable in this form.
Your armour is entirely melded.
You are incapable of wielding weapons or throwing items.
((Your plain brown scales are hard. (AC +5)))
You cannot fit into any form of body armour.
((You are cold-blooded and may be slowed by cold attacks.))


Message History

* * * LOW HITPOINT WARNING * * *
The merfolk barely misses you.
You feel much better.
The merfolk hits you but does no damage.
The merfolk hits you from afar with a +0 trident!
You feel much better.
The merfolk hits you from afar with a +0 trident. x2
The merfolk throws a boomerang.
The boomerang hits you!!
Ouch! That really hurt!
* * * LOW HITPOINT WARNING * * *
You feel much better.
The merfolk hits you from afar with a +0 trident! x2
* * * LOW HITPOINT WARNING * * *
The merfolk completely misses you.
You feel much better. The merfolk barely misses you.
The merfolk hits you from afar with a +0 trident!
The merfolk hits you but does no damage.
You feel much better. The merfolk closely misses you.
The merfolk hits you from afar with a +0 trident!!
The merfolk hits you from afar with a +0 trident!
* * * LOW HITPOINT WARNING * * *
As you read the scroll of fear, it crumbles to dust.
You assume a fearsome visage.
The merfolk looks frightened! x3
You feel much better.
You struggle against the net.
The merfolk gives up.
The merfolk cowers, then darts away.
You struggle against the net.
You rip the net and break free!
The merfolk seems to regain its courage.
The merfolk throws a boomerang.
The boomerang hits you!!
Ouch! That really hurt!
* * * LOW HITPOINT WARNING * * *
Cast which spell? (? or * to list)
The spell is quite dangerous to cast (19% risk of failure)!
Continue anyway? [Y]es or [N]o only, please.
The spell is quite dangerous to cast (19% risk of failure)!
Continue anyway?
You turn into a venomous arachnid creature.
The merfolk throws a boomerang.
The boomerang hits you!
You die...

▓▓▓▓▓▓▓▓▓▓▓▓▓
▓m8m8m▓.8©8.▓
▓.|==.▓.....▓
▓.....▓...}.▓
▓.....▓.....▓
▓.....▓..†..▓
▓.....▓..©..▓
▓..s..▓▓▓▓▓▓▓
▓▓▓▓▓▓▓


You could see 3 merfolk.

Vanquished Creatures
  A bullfrog (D)
  A river rat (D)
2 creatures vanquished.

Notes
Turn   | Place    | Note
-------+----------+-------------------------------------------
     0 | D        | kae the Draconian Transmuter began the quest for the Orb.
     0 | D        | Reached XP level 1. HP: 16/16 MP: 3/3
     0 | D        | Found a shimmering blue altar of Sif Muna.
     0 | D        | Found a sacrificial altar of Ru.
     0 | D        | Found a bloodstained altar of Trog.
     0 | D        | Found a stormy altar of Qazlal.
     0 | D        | Found an iron altar of Okawaru.
     0 | D        | Found a sparkling altar of Nemelex Xobeh.
     0 | D        | Found a blossoming altar of Fedhas.
     0 | D        | Found the +6 Majin-Bo {vamp, MP+6 Int+6}
     0 | D        | Found the +9 heavy crossbow "Sniper" {vorpal, Acc+∞ SInv}
     0 | D        | Found the +10 dark maul {vorpal}
     0 | D        | Found the +15 Maxwell's patent armour {-Cast -Tele rElec
                  | Will+ rCorr}
     0 | D        | Found the +18 shield of the Gong {rElec rN+ Will+ EV-5}
     0 | D        | Found the +14 obsidian axe {vorpal, Mesm Drain Fly SInv}
     0 | D        | Found the +7 great mace "Firestarter" {inner flame, rF++}
     0 | D        | Found the +6 shillelagh "Devastator" {shatter}
     0 | D        | Found the +11 plutonium sword {Contam Stlth-}
     0 | D        | Found the +8 lance "Wyrmbane" {slay drac, rPois rF+ rC+
                  | AC+3}
     0 | D        | Found the +9 sword of Zonguldrok {reap}
     0 | D        | Found the +13 scythe of Curses {drain, Drain}
     0 | D        | Found the +5 sword of Power {vorpal}
     0 | D        | Found the +7 mace of Variability {chain chaos}
     0 | D        | Found the +7 Singing Sword {vorpal, sonic wave}
     0 | D        | Found the +8 storm bow {elec, penet}
     2 | D        | Found a transporter.
     2 | D        | Found an ancient bone altar of Kikubaaqudgha.
     2 | D        | Found a viscous altar of Jiyva.
     2 | D        | Found a corrupted altar of Lugonu.
     2 | D        | Found a hazy altar of Hepliaklqana.
     2 | D        | Found a burning altar of Makhleb.
     2 | D        | Found an opulent altar of Gozag.
    35 | D        | Reached skill level 5 in Unarmed Combat
    35 | D        | Reached XP level 2. HP: 26/26 MP: 4/6
    41 | D        | Entered arena 2.
    41 | D        | Noticed a bullfrog
    41 | D        | Found a transporter.
    42 | D        | Killed a bullfrog
    43 | D        | Reached skill level 5 in Transmutations
    43 | D        | Reached XP level 3. HP: 33/33 MP: 4/8
    43 | D        | Reached XP level 4. HP: 40/40 MP: 5/10
    59 | D        | Learned a level 3 spell: Spider Form
    64 | D        | Learned a level 4 spell: Ice Form
    65 | D        | Entered arena 3.
    65 | D        | Noticed a merfolk
    65 | D        | Noticed a merfolk
    65 | D        | Noticed a merfolk
    65 | D        | Found a transporter.
    79 | D        | HP: 1/41 [merfolk/boomerang (24)]
    80 | D        | Hit by a boomerang thrown by a merfolk

Illustrated notes

Levels and vault maps discovered:
D:        sprint_v [room_start, room_1, room_2, room_3, room_4, room_5, room_6,
          room_7, room_8, room_9, room_10, room_11, room_12, room_13, room_14,
          room_15, room_16, room_17, room_18, room_19, room_20, room_21,
          room_22, room_23, room_24, room_25, room_26, room_27]

Skill      XL: |  1  2  3  4 |
---------------+-------------+-----
Fighting       | 3 4 |  4.3
Dodging        | 3 4 |  4.0
Unarmed Combat | 5 |  5.7
Spellcasting   | 3 4 |  4.0
Transmutations | 4 5 |  5.2

Action                   |  1- 3 |  4- 6 || total
-------------------------+-------+-------++-------
Melee: Unarmed           |     1 |     3 ||     4
       Tailslap          |     1 |       ||     1
 Cast: Spider Form       |       |     1 ||     1
  Use: Potion            |     2 |     7 ||     9
       Scroll            |       |     1 ||     1
Armor: Skin              |       |     3 ||     3
Dodge: Dodged            |       |     4 ||     4

Table legend: (Time is in decaauts)
 A = Elapsed time spent in this place.
 B = Non-inter-level travel time spent in this place.
 C = Inter-level travel time spent in this place.
 D = Time resting spent in this place.
 E = Time spent auto-exploring this place.
 F = Levels seen in this place.
 G = Mean time per level.
                   A        B        C        D        E       F      G
               +--------+--------+--------+--------+--------+-----+--------+
         Total |     79 |     79 |      0 |      0 |     19 |   1 |   79.0 |
       Dungeon |     79 |     79 |      0 |      0 |     19 |   1 |   79.0 |
               +--------+--------+--------+--------+--------+-----+--------+

Top non-repeatable levels by time:
       D: 79 daAuts
